 Dungeon Crawl Stone Soup version 0.21-a0-28-g9a7844a (webtiles) character file.

153 Manul the Covert (level 5, 0/26 HPs)
             Began as a Spriggan Assassin on May 26, 2017.
             Slain by a hobgoblin
             ... wielding a +0 club
             ... led by Robin
              (6 damage)
             ... on level 3 of the Dungeon.
             The game lasted 00:02:35 (3345 turns).

Manul the Covert (Spriggan Assassin)                Turns: 3345, Time: 00:02:35

Health: 0/26       AC:  3    Str:  7    XL:     5   Next: 12%
Magic:  6/6        EV: 18    Int: 13    God:
Gold:   100        SH:  0    Dex: 18    Spells: 4/4 levels left

rFire    . . .     SeeInvis +   a - +2 dagger
rCold    . . .     Gourm    .   (shield restricted)
rNeg     . . .     Faith    .   c - +0 robe
rPois    +         Spirit   .   (helmet restricted)
rElec    .         Reflect  .   d - +0 cloak
rCorr    .         Harm     .   (gloves unavailable)
MR       .....                  (boots unavailable)
Stlth    ++++......             (no amulet)
Regen    0.1/turn               p - ring of poison resistance
MPRegen  0.1/turn               q - ring of flight

@: very quick
A: unfitting armour, see invisible, herbivore 3, speed 3, slow metabolism 2
a: Evoke Flight


You were on level 3 of the Dungeon.
You were not hungry.

You visited 1 branch of the dungeon, and saw 3 of its levels.

You collected 100 gold pieces.

Inventory:

Hand Weapons
 a - a +2 dagger (weapon)
 b - a +0 blowgun
Missiles
 e - 8 poisoned needles
 f - 2 curare-tipped needles
Armour
 c - a +0 robe (worn)
 d - a +0 cloak (worn)
 u - a +0 buckler
Jewellery
 p - a ring of poison resistance (left hand)
 q - a ring of flight (right hand)
Wands
 n - a wand of acid (10/15)
 s - a wand of flame (9/48)
Scrolls
 h - a scroll of immolation {unknown}
 j - 4 scrolls of identify
 m - 2 scrolls of teleportation {unknown}
 o - a scroll of amnesia {unknown}
 r - 2 scrolls of remove curse {unknown}
 t - a scroll of magic mapping {unknown}
 w - 2 scrolls of enchant weapon {unknown}
Potions
 i - a potion of flight {unknown}
 l - a potion of lignification
 v - a potion of resistance
 z - a potion of brilliance {unknown}
Comestibles
 g - 2 bread rations
 k - 2 royal jellies
 x - 4 fruits


   Skills:
 + Level 2.1 Fighting
 + Level 3.5 Short Blades
 - Level 2.0 Throwing
 + Level 2.6 Dodging
 + Level 8.1 Stealth


You had 4 spell levels left.
You didn't know any spells.

Dungeon Overview and Level Annotations

Branches:
Dungeon (3/15)

Altars:
Dithmenos
Nemelex Xobeh
Xom

Annotations:
D:3 Robin


Innate Abilities, Weirdness & Mutations

You are very small and have problems with some larger weapons.
You are too small for most types of armour.
You have supernaturally acute eyesight. (SInv)
You are a herbivore.
You cover ground extremely quickly.
You need consume almost no food.


Message History

Robin throws the goblin at you!
Things that are here:
a dagger; a goblin corpse x2
You closely miss the goblin. The goblin hits you but does no damage.
The goblin hits you with a hunting sling.
The hobgoblin shouts!
The goblin shouts!
You hit the goblin but do no damage. The goblin hits you with a dagger.
Robin throws the goblin at you!
You hit the goblin.
You kill the goblin!
The hobgoblin hits you with a club. The goblin hits you.
* * * LOW HITPOINT WARNING * * *
The goblin completely misses you.
Robin flexes a bicep menacingly.
There is a stone staircase leading up, spattered with blood here.
Things that are here:
a hunting sling; an uncursed dagger; 11 stones Robin says, "A pitiful Spriggan like you will never find the ORB!"
The hobgoblin hits you with a club.
You die...

#...............
#......?........
#!..............
#............$..
#.....gg.#######
####g....#######..
#..+gg...........o
##.#g.[...........
#..@#'###........g
#..##.# #.......gg
#.[ $.# #.......g.
##.#### #.........
#. #......... #.
#......... #.
########## #.


You could see Robin, 3 hobgoblins and 2 goblins.

Vanquished Creatures
  Terence (D:2)
  Natasha (D:2)
  2 adders (D:2)
  2 oozes
  4 dart slugs
  4 leopard geckos (D:1)
  An orc (D:3)
  3 giant cockroaches
  14 goblins
  5 hobgoblins
  2 ball pythons (D:1)
  2 bats (D:2)
  4 frilled lizards
  8 kobolds
  13 rats
66 creatures vanquished.

Notes
Turn   | Place    | Note
-------+----------+-------------------------------------------
     0 | D:1      | Manul the Spriggan Assassin began the quest for the Orb.
     0 | D:1      | Reached XP level 1. HP: 10/10 MP: 2/2
    19 | D:1      | Reached skill level 6 in Stealth
   465 | D:1      | Reached XP level 2. HP: 8/15 MP: 3/3
  1220 | D:1      | Reached XP level 3. HP: 18/18 MP: 4/4
  1226 | D:1      | Reached skill level 7 in Stealth
  2465 | D:2      | Reached XP level 4. HP: 23/23 MP: 5/5
  2501 | D:2      | Noticed Terence
  2522 | D:2      | Killed Terence
  2817 | D:2      | Found a shimmering altar of Xom.
  2817 | D:2      | Found a shadowy altar of Dithmenos.
  2817 | D:2      | Found a sparkling altar of Nemelex Xobeh.
  3142 | D:2      | Noticed Natasha
  3149 | D:2      | Killed Natasha
  3149 | D:2      | Reached skill level 8 in Stealth
  3149 | D:2      | Reached XP level 5. HP: 26/26 MP: 6/6
  3195 | D:3      | Noticed Robin
  3345 | D:3      | Slain by a hobgoblin

Vault maps used:
D:1:      matt_arrival_grand_opening
D:2:      gammafunk_temple_overflow_forgotten, uniq_natasha, uniq_terence
D:3:      wad_crossroads, uniq_sigmund, uniq_robin

Skill      XL: |  1  2  3  4 |
---------------+-------------+-----
Stealth        | 6 7 8 |  8.1
Dodging        | 2 |  2.6
Fighting       | 2 |  2.1
Short Blades   | 3 |  3.5
Throwing       | |  2.0

Action                   |  1- 3 |  4- 6 || total
-------------------------+-------+-------++-------
Melee: Dagger            |   127 |    65 ||   192
 Fire: Blowgun           |     2 |     5 ||     7
  Use: Scroll            |       |     1 ||     1
 Stab: Sleeping          |    12 |     5 ||    17
       Distracted        |     2 |     1 ||     3
Armor: Robe              |    11 |    12 ||    23
Dodge: Dodged            |    69 |    33 ||   102
